 Dungeon Crawl Stone Soup version 0.30-a0-557-ge2afbf3030 (webtiles) character file.

Game seed: 9800545489636779460

287 Sabo the Covered (level 6, 0/55 HPs)
             Began as an Armataur Fighter on Dec 27, 2022.
             Slain by a mummy (12 damage)
             ... in an ossuary.
             The game lasted 00:20:36 (3758 turns).

Sabo the Covered (Armataur Fighter)                 Turns: 3758, Time: 00:20:36

Health: 0/55       AC: 11    Str: 23    XL:     6   Next: 8%
Magic:  6/6        EV:  5    Int:  8    God:
Gold:   216        SH:  4    Dex: 10    Spells: 5/5 levels left

rFire   . . .      SeeInvis .    a - +0 war axe
rCold   . . .      Faith    .    c - +0 buckler
rNeg    . . .      Spirit   .    d - +0 chain mail
rPois   .          Reflect  .    p - +0 helmet
rElec   .          Harm     .    (no cloak)
rCorr   .          Roll     +    s - +0 pair of gloves
Will    .....                    (no barding) Stlth
                                 (no amulet)
HPRegen 0.29/turn                q - ring of flight
MPRegen 0.10/turn                (no ring)

@: flying
A: large, rugged brown scales 3, deformed body, armoured tail, roll, long
tongue, awkward tongue
a: no special abilities


You were in an ossuary.
You visited 1 branch of the dungeon, and saw 4 of its levels.
You also visited: Ossuary.

You collected 216 gold pieces.

Inventory:

Hand Weapons
 a - a +0 war axe (weapon)
Missiles
 k - 4 javelins (quivered)
 o - 4 poisoned darts
Armour
 c - a +0 buckler (worn)
 d - a +0 chain mail (worn)
 p - a +0 helmet (worn)
 s - a +0 pair of gloves (worn)
Jewellery
 q - a ring of flight (left hand)
Wands
 r - a wand of paralysis (8)
Scrolls
 e - a scroll of teleportation
 f - a scroll of brand weapon {unknown}
 i - a scroll of fear {unknown}
 l - a scroll of butterflies {unknown}
 m - a scroll of immolation {unknown}
 n - a scroll of identify {unknown}
 u - a scroll of enchant weapon {unknown}
 y - a scroll of silence {unknown}
Potions
 g - a potion of berserk rage {unknown}
 h - 3 potions of curing
 j - a potion of lignification {unknown}
 t - a potion of brilliance {unknown}
 v - a potion of heal wounds {unknown}
 x - 2 potions of degeneration {unknown}
 z - a potion of haste {unknown}


   Skills:
 + Level 3.8 Fighting
 + Level 2.9 Axes
 + Level 5.6 Armour
 + Level 0.2 Dodging
 + Level 0.1 Stealth
 + Level 4.1 Shields


You had 5 spell levels left.
You didn't know any spells.
Your spell library was empty.

Dungeon Overview and Level Annotations

Branches:
Dungeon (4/15)            Ossuary (1/1)
 Temple: D:4-7

Altars:


Innate Abilities, Weirdness & Mutations

You are completely covered in rugged brown scales. (AC +3, +7% HP)
Armour fits poorly on your strangely shaped body.
You have a long armoured tail.
You roll when moving toward enemies. (Rampage)
Your long tongue fully drains potion bottles. (2x potion effects)
Your tongue gives you trouble enunciating. (1.5x scroll delay)


Message History

The mummy hits you!
You hit the mummy. You tail-slap the mummy.
The mummy is severely damaged.
The mummy hits you.
You hit the mummy.
The mummy is almost destroyed.
You barely miss the mummy.
You tail-slap the mummy, but do no damage.
The mummy is almost destroyed.
The mummy hits you.
You hit the mummy.
You destroy the mummy!
There is an open door here.
There is a sand-covered staircase here.
The world spins around you as you enter the gateway.
You enter an ossuary!
Found a gate leading back out of this place.
There is an empty arch of ancient stone here.
You roll towards the mummy!
Throw: 5 javelins
Press: ? - help, Q - select action, (/) - cycle Shift-Dir - straight line, f - mummy
Aim: a mummy (72% to hit)
You throw a javelin.
The javelin pierces through the mummy but does no damage.
You slash the mummy!
The mummy is moderately damaged.
You barely miss the mummy. The mummy hits you.
The mummy hits you but does no damage.
You barely miss the mummy.
The mummy is moderately damaged.
You hit the mummy. You slash the mummy! The mummy hits you.
You block the mummy's attack. The mummy hits you!
* * * LOW HITPOINT WARNING * * *
You slash the mummy! You tail-slap the mummy.
You destroy the mummy!
You hit the mummy but do no damage. You hit the centaur zombie.
You hit the mummy.
The centaur zombie hits you but does no damage.
You block the centaur zombie's attack. The mummy hits you!
You die...

.......
#...^.#
#.....#
#.....#
#..∩..#
#..Z..#
#..∩..#
#..Z..#
#..@..#
#..MM.#
#....(#
##...##
#####


You could see 2 mummies, a hobgoblin zombie and a centaur zombie.

Vanquished Creatures
  3 orc priests (D:3)
  An orc wizard (D:3)
  2 mummies
  Robin (D:2)
  3 gnolls (D:3)
  4 adders
  A worm (D:2)
  7 orcs (D:3)
  4 ball pythons
  3 endoplasms
  A giant cockroach (D:3)
  10 goblins
  8 hobgoblins
  4 jackals (D:3)
  7 quokkas
  4 bats
  A frilled lizard (D:1)
  A goblin zombie (D:4)
  3 kobolds
  A kobold zombie (D:4)
  11 rats
80 creatures vanquished.

Notes
Turn   | Place    | Note
-------+----------+-------------------------------------------
     0 | D:1      | Sabo the Armataur Fighter began the quest for the Orb.
     0 | D:1      | Reached XP level 1. HP: 19/19 MP: 1/1
   186 | D:1      | Reached XP level 2. HP: 26/26 MP: 2/2
   452 | D:1      | You fall into a shaft and drop 1 floor!
  1059 | D:2      | Reached skill level 4 in Armour
  1077 | D:2      | Noticed Robin
  1091 | D:2      | Killed Robin
  1092 | D:2      | Reached XP level 3. HP: 14/33 MP: 3/3
  1972 | D:2      | Reached XP level 4. HP: 40/40 MP: 4/4
  2738 | D:3      | Reached skill level 5 in Armour
  2765 | D:3      | Reached XP level 5. HP: 30/48 MP: 5/5
  3377 | D:3      | Reached XP level 6. HP: 11/55 MP: 6/6
  3743 | D:4      | Found a sand-covered staircase.
  3753 | Ossuary  | Entered an ossuary
  3758 | Ossuary  | Slain by a mummy

Illustrated notes

Levels and vault maps discovered:
D:1:      moated_graveyard_arrival, layout_basic, chequers_serial_rivers_room_a
D:2:      layout_loops_corners, uniq_robin
D:3:      cheibrodos_pilgrimage, layout_loops_ring, hangedman_glass_teeth,
          minmay_door_square, minivault_11, grunt_ministairs_6,
          minmay_misc_feat_rows
D:4:      layout_gridville, minitemple, nicolae_ossuary_entry_giza,
          gup_sewer_entry_bowl
Ossuary:  ossuary_the_hunt_dpeg

Skill      XL: |  1  2  3  4  5 |
---------------+----------------+-----
Fighting       | 3 |  3.8
Armour         | 4 5 |  5.6
Axes           | 2 |  2.9
Shields        | 4 |  4.1
Dodging        | |  0.2
Stealth        | |  0.1

Action                   |  1- 3 |  4- 6 || total
-------------------------+-------+-------++-------
Melee: War axe           |    88 |   126 ||   214
       Tailslap          |     9 |    14 ||    23
Throw: Dart              |     6 |       ||     6
       Javelin           |     4 |     1 ||     5
  Use: Potion            |       |     3 ||     3
       Scroll            |       |     2 ||     2
Armor: Scale mail        |    54 |    92 ||   146
       Chain mail        |       |     6 ||     6
Dodge: Dodged            |    33 |    60 ||    93
Block: Buckler           |    16 |    27 ||    43

Table legend: (Time is in decaauts)
 A = Elapsed time spent in this place.
 B = Non-inter-level travel time spent in this place.
 C = Inter-level travel time spent in this place.
 D = Time resting spent in this place.
 E = Time spent auto-exploring this place.
 F = Levels seen in this place.
 G = Mean time per level.
                   A        B        C        D        E       F      G
               +--------+--------+--------+--------+--------+-----+--------+
         Total |   3852 |   3852 |      0 |    534 |      0 |   5 |  770.4 |
       Dungeon |   3846 |   3846 |      0 |    534 |      0 |   4 |  961.5 |
       Ossuary |      6 |      6 |      0 |      0 |      0 |   1 |    6.0 |
               +--------+--------+--------+--------+--------+-----+--------+

Top non-repeatable levels by time:
     D:3: 1508 daAuts
     D:2: 1160 daAuts
     D:1: 1038 daAuts
     D:4: 139 daAuts
 Ossuary: 6 daAuts
